 Dungeon Crawl Stone Soup version 0.19-a0-1008-g4c63d25 (webtiles) character file.

13820 4thArraOfDagon the Cleaver (level 12, -5/96 HPs)
             Began as a Formicid Fighter on July 23, 2016.
             Was a Believer of the Shining One.
             Slain by a hill giant
             ... wielding a +0 giant club
              (22 damage)
             ... on level 11 of the Dungeon.
             The game lasted 00:22:54 (4035 turns).

4thArraOfDagon the Cleaver (Formicid Fighter)       Turns: 4035, Time: 00:22:55

Health: -5/96      AC: 18    Str: 22    XL:     12   Next: 37%
Magic:  16/16      EV:  7    Int: 12    God:    the Shining One [**....]
Gold:   397        SH: 12    Dex: 10    Spells: 1 memorised, 10 levels left

rFire  + . .     SeeInvis +     r - +0 battleaxe
rCold  . . .     Gourm    .     J - +0 plate armour
rNeg   + . .     Faith    .     c - +0 shield
rPois  +         Spirit   .     (helmet unavailable)
rElec  .         Dismiss  .     (no cloak)
rCorr  .         Reflect  .     I - +1 pair of gloves "Vyischud" {rF+ Stlth+}
SustAt .         Harm     .     u - +0 pair of boots
MR     +....                    (no amulet)
Stlth  ..........               P - ring of loudness (curse)
                                o - ring of poison resistance

@: glowing, somewhat resistant to hostile enchantments, extremely unstealthy
A: permanent stasis, dig shafts and tunnels, four strong arms, antennae 3
a: Dig, Shaft Self, Divine Shield, Renounce Religion


You were on level 11 of the Dungeon.
You worshipped the Shining One.
The Shining One was pleased with you.
You were not hungry.

You visited 2 branches of the dungeon, and saw 20 of its levels.
You visited 1 bazaar.
You also visited: Ossuary and Volcano.

You collected 465 gold pieces.
You spent 68 gold pieces at shops.

Inventory:

Hand Weapons
 a - a +1 war axe
 r - a +0 battleaxe (weapon)
Missiles
 O - 2 throwing nets (quivered)
Armour
 b - a +1 scale mail
 c - a +0 shield (worn)
 j - a +0 chain mail
 u - a +0 pair of boots (worn)
 x - a +1 ring mail of fire resistance
 C - a +2 pair of gloves
 I - the +1 pair of gloves "Vyischud" (worn) {rF+ Stlth+}
   (You found it on level 3 of the Lair of Beasts)

   It protects you from fire.
   It makes you more stealthy.
 J - a +0 plate armour (worn)
Jewellery
 o - a ring of poison resistance (left hand)
 M - an uncursed ring of sustain attributes
 P - a cursed ring of loudness (right hand)
Wands
 m - a wand of polymorph (12/24)
 v - a wand of iceblast (10/15)
 B - a wand of acid (9/15)
 F - a wand of flame (20/48)
 L - a wand of digging (12/24)
Scrolls
 i - 2 scrolls of remove curse
 k - a scroll of amnesia
 p - 2 scrolls of teleportation
 q - a scroll of noise
 s - a scroll of enchant weapon
 G - a scroll of random uselessness
 N - a scroll of immolation
Potions
 d - a potion of cure mutation
 e - a potion of cancellation
 l - a potion of might
 w - 2 potions of resistance
 z - a potion of brilliance
 H - a potion of invisibility
Books
 g - a book of Spatial Translocations

   Spells                             Type                      Level
   a - Apportation                    Translocation                1
   b - Blink                          Translocation                2
   c - Shroud of Golubria             Charms/Translocation         2
   d - Portal Projectile              Translocation                3
   e - Teleport Other                 Translocation                3
   f - Passage of Golubria            Translocation                4
 n - a book of Conjurations

   Spells                             Type                      Level
   a - Magic Dart                     Conjuration                  1
   b - Searing Ray                    Conjuration                  2
   c - Dazzling Spray                 Conjuration/Hexes            3
   d - Fulminant Prism                Conjuration/Hexes            4
   e - Iskenderun's Mystic Blast      Conjuration                  4
   f - Iskenderun's Battlesphere      Conjuration/Charms           5
 t - an Akashic Record

   Spells                             Type                      Level
   a - Dispersal                      Translocation                6
   b - Malign Gateway                 Summoning/Translocation      7
   c - Disjunction                    Translocation                8
   d - Controlled Blink               Translocation                8
 y - a book of Necromancy

   Spells                             Type                      Level
   a - Pain                           Necromancy                   1
   b - Animate Skeleton               Necromancy                   1
   c - Vampiric Draining              Necromancy                   3
   d - Regeneration                   Charms/Necromancy            3
   e - Animate Dead                   Necromancy                   4
   f - Control Undead                 Necromancy                   4
   The Shining One disapproves of the use of such an item.
 K - a book of Frost

   Spells                             Type                      Level
   a - Freeze                         Ice                          1
   b - Throw Frost                    Conjuration/Ice              2
   c - Ozocubu's Armour               Charms/Ice                   3
   d - Throw Icicle                   Conjuration/Ice              4
   e - Summon Ice Beast               Ice/Summoning                4
Comestibles
 f - 6 bread rations
 h - 4 meat rations
 A - 4 fruits
 D - 2 slices of pizza
 E - a beef jerky


   Skills:
 + Level 9.4 Fighting
 * Level 11.6 Axes
 + Level 9.5 Armour
 + Level 10.3 Shields
 - Level 6.0 Invocations
 - Level 3.8 Evocations


You had 10 spell levels left.
You knew the following spells:

 Your Spells              Type           Power        Failure   Level  Hunger
a - Apportation           Tloc           #.........   100%        1    ##.....


Dungeon Overview and Level Annotations

Branches:
Dungeon (14/15)              Lair (6/6) D:11          Swamp (0/4) Lair:3
  Slime (0/5) Lair:5
 Temple: D:4-7        Snake: Lair:2-4    Spider: Lair:2-4       Orc: D:9-12
 Vaults: D:13-14

Altars:
Makhleb
The Shining One
Jiyva


Innate Abilities, Weirdness & Mutations

You are under a permanent stasis effect.
You can dig through walls and to a lower floor.
Your four strong arms can wield two-handed weapons with a shield.
You have a pair of large antennae on your head. (SInv)


Message History

Unknown command.
You struggle against the net.
Unknown command.
You struggle against the net.
An orc comes into view. It is wielding a mace.
You struggle against the net.
An orc warrior comes into view. It is wielding a war axe.
You rip the net and break free!
The orc warrior shouts!
The hill giant throws a throwing net.
You block the throwing net.
Unknown command.
Unknown command.
O - 2 throwing nets (gained 1) Unknown command.
Are you sure you want to shaft yourself?
You feel quite a bit more hungry.
You begin to dig a shaft.
You continue digging a shaft.
The hill giant shouts!
The hill giant hits you with a giant club!!
You die...

.....)){c.....##.# #.........#..
####.#.<...##.##C####.........#..
#c#.c..c....)...)†)...........
#)#.#...##.###..{.)........###
#.#.##.### # #.#.#.........###
###.#.##.###. #.#.#............
#...#........###.#.#C........###
#)##...#........Co...###########
#)##...#.### #.@#..#.# ######.
#.((.....# #..#>...# #......
#........# #.#### .# #.####.
##........# #..# ##
..........#####..#.##. #
#####...........(...... #
###.#.###.####.##.# #.#.# #.# .#
#.#.# #.# #


You could see 2 hill giants and an orc.

Vanquished Creatures
  Nessos (D:14)
  Harold (Lair:2)
  A centaur warrior (D:14)
  An unseen horror (D:11)
  A manticore (Volcano)
  3 elephants
  2 black mambas
  A centaur zombie (D:11)
  A gargoyle (Volcano)
  A molten gargoyle (Volcano)
  A spiny frog (Lair:3)
  5 komodo dragons
  3 blink frogs (Lair:2)
  10 fire bats (Volcano)
  A shadow (D:14)
  A hippogriff (Lair:4)
  A basilisk (D:11)
  2 mottled dragons
  2 vampire mosquitoes (D:14)
  4 water moccasins
  4 porcupines
  An orc warrior (D:11)
  An eye of draining (D:10)
  8 centaurs (D:11)
  3 wolves (Lair:2)
  2 ogres
  7 crocodiles
  A big kobold (D:10)
  5 giant frogs
  2 crimson imps
  A giant frog zombie (D:6)
  2 lava snakes (Volcano)
  A giant frog skeleton (D:4)
  A hound (D:4)
  3 iguanas
  3 worker ants
  2 hell rats (Lair:4)
  2 orc wizards
  5 sheep (Lair:3)
  3 gnolls (D:4)
  A howler monkey skeleton (D:7)
  2 adders
  27 river rats
  An adder skeleton (D:8)
  A giant gecko (D:11)
  8 orcs
  A giant cockroach (D:2)
  2 jackals (D:6)
  2 quokkas (D:4)
  A giant gecko zombie (D:7)
  A jackal zombie (D:4)
  4 kobolds
  A kobold zombie (D:4)
  A quokka zombie (D:6)
  4 rats
  2 fungi
159 creatures vanquished.

Vanquished Creatures (collateral kills)
  A mottled dragon (Volcano)
1 creature vanquished.

Vanquished Creatures (others)
  6 fungi (Lair:6)
  5 plants
11 creatures vanquished.

Grand Total: 171 creatures vanquished

Notes
Turn   | Place    | Note
-------+----------+-------------------------------------------
     0 | D:1      | 4thArraOfDagon the Formicid Fighter began the quest for the Orb.
     0 | D:1      | Reached XP level 1. HP: 18/18 MP: 1/1
     3 | D:1      | You fall through a shaft!
     3 | D:2      | Found a glowing golden altar of the Shining One.
     7 | D:2      | Became a worshipper of the Shining One
    79 | D:2      | You fall through a shaft for 2 floors!
   161 | D:4      | Noticed a worker ant
   175 | D:4      | Killed a worker ant
   175 | D:4      | Reached XP level 2. HP: 18/24 MP: 2/2
   175 | D:4      | Reached XP level 3. HP: 22/29 MP: 3/3
   198 | D:4      | Found a burning altar of Makhleb.
   199 | D:4      | Reached skill level 3 in Axes
   199 | D:4      | Reached XP level 4. HP: 25/37 MP: 4/4
   290 | D:4      | Reached XP level 5. HP: 36/42 MP: 5/5
   330 | D:4      | Found a sand-covered staircase.
   339 | Ossuary  | Entered an ossuary
   342 | Ossuary  | Noticed Jooles's ghost (amateur MfTm)
   373 | D:5      | Entered Level 5 of the Dungeon
   380 | D:5      | You fall through a shaft!
   391 | D:6      | Reached skill level 1 in Invocations
   419 | D:6      | Noticed an ogre
   423 | D:6      | Killed an ogre
   423 | D:6      | Reached skill level 4 in Axes
   423 | D:6      | Reached XP level 6. HP: 12/48 MP: 5/7
   446 | D:6      | HP: 1/48 [orc/short sword (2)]
   449 | D:6      | Reached * piety under the Shining One
   679 | D:10     | Entered Level 10 of the Dungeon
   681 | D:10     | Noticed an eye of draining
   688 | D:10     | Reached XP level 7. HP: 51/55 MP: 1/8
   701 | D:10     | Reached skill level 5 in Axes
   701 | D:10     | Reached skill level 5 in Shields
   739 | D:10     | You fall through a shaft for 3 floors!
   739 | D:13     | Found a flickering gateway to a bazaar.
   786 | Bazaar   | Entered a bazaar
   786 | Bazaar   | Found Hogad's Distillery.
   786 | Bazaar   | Found Hos Mugg's Gadget Shop.
   807 | Bazaar   | Found Geps's General Store.
   807 | Bazaar   | Found Keenaj's Antique Armour Boutique.
   810 | Bazaar   | Found Xaumaefa's Antique Weapon Emporium.
   844 | Bazaar   | Bought a potion of might for 68 gold pieces
   872 | D:14     | Noticed Nessos
   880 | D:14     | Killed Nessos
   880 | D:14     | Reached skill level 5 in Fighting
   880 | D:14     | Reached skill level 6 in Axes
   880 | D:14     | Reached skill level 5 in Armour
   880 | D:14     | Reached XP level 8. HP: 56/64 MP: 9/11
   880 | D:14     | Reached XP level 9. HP: 60/69 MP: 9/12
   885 | D:14     | Turgon: ?@ nessos
   887 | D:14     | Noticed a centaur warrior
   895 | D:14     | Killed a centaur warrior
   895 | D:14     | Reached skill level 7 in Axes
   895 | D:14     | Reached skill level 5 in Invocations
   896 | D:14     | Turgon: @? nessos
   896 | D:14     | beem: Nessos (c)
                  | Spd:
    15 | HD: 9    | HP: 63-84
                  | AC/EV: 8/7
                  | Dam: 16
                  | weapons, items, doors, archer, spellcaster
                  | Res: magic(20)
                  | XP: 1327
                  | Sp: blink range, haste
                  | Sz: Large
                  | Int: human.
   925 | D:14     | Reached skill level 8 in Axes
   971 | D:13     | Noticed a centaur warrior
   971 | D:13     | Noticed a vault guard
   981 | D:12     | Turgon: ?? poison
   985 | D:12     | beem: poison[1/2]: A condition which reduces HP each turn. The HP bar is colored to show how much HP you will lose total. Press @ to see how much hp you will have left.
   991 | D:12     | Reached XP level 10. HP: 73/77 MP: 14/14
  1022 | D:12     | Reached ** piety under the Shining One
  1045 | D:11     | Turgon: ?? orc warrior
  1046 | D:11     | beem: orc warrior[1/1]: Very much more of a melee threat than a regular orc, especially when first encountered. Tends to spawn with a good weapon and good armour and a good ability to use both, potentially beyond one's own when first met.
  1105 | D:11     | Noticed an unseen horror
  1108 | D:11     | Turgon: @? orc warrior
  1109 | D:11     | beem: orc warrior (o)
                  | Spd:
    10 | HD: 4    | HP: 23-32
                  | AC/EV: 9/10
                  | Dam: 20
                  | weapons, items, doors, fighter
                  | Res: magic(20)
                  | XP:
   132 | Sz: Medium | Int: human.
  1114 | D:11     | Killed an unseen horror
  1125 | D:11     | Noticed a hill giant
  1160 | D:11     | Found a staircase to the Lair.
  1192 | Lair:1   | Entered Level 1 of the Lair of Beasts
  1194 | Lair:1   | Noticed a rime drake
  1338 | Lair:1   | Turgon: &dump
  1340 | Lair:1   | You fall through a shaft!
  1341 | Lair:2   | beem: http://CRAWL.XTAHUA.COM/crawl/morgue/Turgon/Turgon.txt
  1365 | Lair:2   | Reached skill level 9 in Axes
  1366 | Lair:2   | Turgon: &dump 4thArraOfDagon
  1366 | Lair:2   | Noticed a komodo dragon
  1368 | Lair:2   | beem: http://CRAWL.XTAHUA.COM/crawl/morgue/4thArraOfDagon/4thArraOfDagon.txt
  1386 | Lair:2   | You fall through a shaft!
  1386 | Lair:3   | Noticed a komodo dragon
  1424 | Lair:3   | Noticed an eight-headed hydra
  1427 | Lair:3   | You fall through a shaft for 2 floors!
  1431 | Lair:5   | Turgon: !lm 4thArraOfDagon
  1432 | Lair:5   | beem: 53913. [2016-07-23 16:12:26] 4thArraOfDagon the Chopper (L7 FoFi of The Shining One) killed Nessos on turn 880. (D:14)
  1501 | Lair:6   | Entered Level 6 of the Lair of Beasts
  1516 | Lair:6   | Noticed a komodo dragon
  1521 | Lair:6   | :(
  1521 | Lair:6   | RIP
  1530 | Lair:6   | Killed a komodo dragon
  1540 | Lair:6   | Noticed an elephant
  1540 | Lair:6   | Noticed an elephant
  1541 | Lair:6   | Noticed an elephant
  1598 | Lair:6   | Killed an elephant
  1621 | Lair:6   | Noticed an elephant
  1650 | Lair:6   | Killed an elephant
  1735 | Lair:6   | Found a dark tunnel.
  1745 | Volcano  | Entered a volcano
  1761 | Volcano  | Turgon: ?? volcano
  1762 | Volcano  | beem: volcano[1/5]: A timed portal vault ("a dark tunnel") that shows up in Lair and Orc. Contains red monsters, red loot, and a red Volcano that explodes in red clouds every now and then. Enjoy your red, don't forget your red urn!
  1879 | Volcano  | 4thArraOfDagon: RIP
  1891 | Volcano  | Found a bloodstained altar of Trog.
  1891 | Volcano  | Noticed a manticore
  1902 | Volcano  | Reached skill level 1 in Evocations
  1902 | Volcano  | Reached XP level 11. HP: 86/86 MP: 13/15
  1911 | Volcano  | Killed a manticore
  2042 | Volcano  | Reached skill level 10 in Axes
  2548 | Lair:6   | Turgon: @? formicid
  2548 | Lair:6   | beem: formicid (a)
                  | Spd:
    10 | HD: 6    | HP: 34-49
                  | AC/EV: 3/10
                  | Dam: 15
                  | weapons, items, doors, see invisible
                  | Res: magic(40)
                  | XP:
   228 | Sz: Medium | Int: human.
  2602 | Lair:6   | Turgon: I start liking beem
  2616 | Lair:6   | Noticed a seven-headed hydra
  2672 | Lair:5   | Found a viscous altar of Jiyva.
  2672 | Lair:5   | Found a staircase to the Slime Pits.
  2785 | Lair:4   | Turgon: ?? gammafunk
  2787 | Lair:4   | beem: gammafunk[1/5]: Crawl dev. See {gammafunkrc} and http://twitch.tv/gammafunk
  2889 | Lair:5   | magipi: go go!
  2945 | Lair:3   | Found a staircase to the Swamp.
  2962 | Lair:3   | Got a pair of steaming gloves
  2977 | Lair:3   | Identified the +1 pair of gloves "Vyischud" {rF+ Stlth+} (You found it on level 3 of the Lair of Beasts)
  2996 | Lair:3   | magipi: nice
  3253 | Lair:2   | You fall through a shaft for 2 floors!
  3256 | Lair:4   | You fall through a shaft for 2 floors!
  3404 | Lair:6   | Noticed an elephant
  3415 | Lair:6   | Noticed an elephant
  3415 | Lair:6   | Noticed an elephant
  3441 | Lair:5   | Killed an elephant
  3478 | Lair:5   | Learned a level 1 spell: Apportation
  3680 | Lair:3   | Noticed an eight-headed hydra
  3691 | Lair:2   | Noticed Harold
  3703 | Lair:2   | Reached skill level 11 in Axes
  3718 | Lair:2   | Killed Harold
  3718 | Lair:2   | Reached XP level 12. HP: 56/95 MP: 16/16
  3780 | Lair:2   | Reached skill level 10 in Shields
  3937 | D:11     | Turgon: @?? trj
  3939 | D:11     | beem: unknown monster: "trj"
  3988 | D:11     | Turgon: ?? dead
  3988 | D:11     | beem: dead ~ read ~ offline[1/1]: Doesn't count.
  4019 | D:11     | Turgon: ?? You_die
  4021 | D:11     | beem: I don't have a page labeled You_die in my learndb.
  4028 | D:11     | Turgon: lol
  4035 | D:11     | Slain by a hill giant

Vault maps used:
D:1:      roderic_crop_circles_arrival_small, hangedman_feature_mirror
D:2:      marbit_many_paths, minmay_vboxes
D:3:      cheibrodos_ashenzari_chains, lemuel_round_altar,
          eat_drink_and_be_merry_uskayaw, minmay_ruptured, uniq_grinder
D:4:      makhleb_heckhound_becter, enter_ossuary_3, uniq_crazy_yiuf_cottage
D:5:      first_bread, gup_sewer_entry_glass
D:7:      serial_shops, shop, grunt_ogre_cave
D:8:      led_sif_book
D:9:      lemuel_round_altar
D:11:     lair_0_dummy
D:12:     david_orc_2, special_room, jmf_multi_god_temple2
D:13:     lightli_vaults_fourway_checkpoint, serial_shops, bzr_entry_water,
          uniq_urug
D:14:     uniq_nessos, uniq_louise, uniq_josephine
Lair:1:   grunt_megastairs_4
Lair:2:   dummy_spider_entry, beast_lair_carwin_7, serial_bayou_shore_b,
          grunt_megastairs_1, serial_bayou_shore_a, bh_autumn_forest_stairs,
          uniq_harold
Lair:3:   swamp_mist_pool, hangedman_lair_unloving_vines, st_stairs_8,
          zaba_antful_of_joy, serial_bayou_shore_b
Lair:4:   kennysheep_rathole, special_room, patterned_corridor
Lair:5:   slime_altar_1, serial_bayou_pond_b, serial_bayou_shore_b
Lair:6:   grunt_lair_end_beastmaster, nicolae_volcano_entry_two_sided,
          nicolae_lair_grove_arrangements, lemuel_fruit_tree
Bazaar:   bazaar_lake
Ossuary:  ossuary_crypta
Volcano:  volcano_lake

Skill      XL: |  1  2  3  4  5  6  7  8  9 10 11 12 |
---------------+-------------------------------------+-----
Axes           | 3 4 6 8 9 11 | 11.6
Shields        | 4 6 7 8 9 10 | 10.3
Armour         | 4 5 6 8 9 |  9.5
Fighting       | 4 5 6 7 9 |  9.4
Invocations    | 1 2 4 5 6 |  6.0
Evocations     | 1 3 |  3.8

Action                   |  1- 3 |  4- 6 |  7- 9 | 10-12 || total
-------------------------+-------+-------+-------+-------++-------
Melee: War axe           |    22 |    92 |    48 |     8 ||   170
       Battleaxe         |       |       |       |   320 ||   320
Throw: Throwing net      |       |       |       |     1 ||     1
Invok: Divine Shield     |       |       |       |    12 ||    12
 Abil: Shaft Self        |     2 |     1 |     1 |     6 ||    10
       Dig               |     1 |     4 |     5 |    15 ||    25
Evoke: Phantom mirror    |       |       |       |     1 ||     1
       Wand              |       |       |       |     6 ||     6
  Use: Potion            |     2 |     2 |     1 |     1 ||     6
       Scroll            |       |     3 |       |    13 ||    16
  Eat: Beef jerky        |       |     1 |       |     1 ||     2
       Fruit             |       |       |     4 |       ||     4
       Chunk             |       |       |       |     2 ||     2
       Royal jelly       |       |       |       |     3 ||     3
       Bread ration      |       |       |       |     2 ||     2
Armor: Scale mail        |     3 |    36 |       |    23 ||    62
       Chain mail        |       |       |    10 |    73 ||    83
       Plate armour      |       |       |       |    55 ||    55
Dodge: Dodged            |     7 |    23 |    15 |    87 ||   132
Block: Shield            |    11 |    40 |    23 |   304 ||   378
